 Dungeon Crawl Stone Soup version 0.22-a0-521-gb1378044ac (webtiles) character file.

206 D1HalberdGnoll the Sneak (level 5, -3/40 HPs)
             Began as a Demonspawn Assassin on June 20, 2018.
             Slain by a worker ant (5 damage)
             ... on level 4 of the Dungeon.
             The game lasted 00:05:40 (3863 turns).

D1HalberdGnoll the Sneak (Demonspawn Assassin)      Turns: 3863, Time: 00:05:41

Health: -3/40      AC:  6    Str: 13    XL:     5   Next: 53%
Magic:  5/5        EV: 12    Int: 17    God:
Gold:   213        SH:  0    Dex: 14    Spells: 4/4 levels left

rFire    . . .     SeeInvis .   a - +4 dagger
rCold    . . .     Gourm    .   (no shield)
rNeg     . . .     Faith    .   d - +0 leather armour
rPois    .         Spirit   .   (helmet restricted)
rElec    .         Reflect  .   l - +0 cloak
rCorr    .         Harm     .   o - +0 pair of gloves
MR       .....                  i - +0 pair of boots
Stlth    ++........             (no amulet)
HPRegen  1.13/turn              (no ring)
MPRegen  0.09/turn              (no ring)

@: brilliant, lethally poisoned (-3 -> -3)
A: horns 2, demonic guardian 1, powered by death 1
a: no special abilities


You were on level 4 of the Dungeon.
You were not hungry.

You visited 1 branch of the dungeon, and saw 4 of its levels.

You collected 213 gold pieces.

Inventory:

Hand Weapons
 a - a +4 dagger (weapon)
 b - a +0 blowgun
Missiles
 e - 21 poisoned needles
 f - 2 curare-tipped needles
Armour
 d - a +0 leather armour (worn)
 i - a +0 pair of boots (worn)
 l - a +0 cloak (worn)
 o - a +0 pair of gloves (worn)
Wands
 p - a wand of random effects (26)
Scrolls
 c - 6 scrolls of identify {unknown}
 k - a scroll of blinking {unknown}
 m - 2 scrolls of fog {unknown}
 n - a scroll of enchant weapon {unknown}
 s - a scroll of amnesia {unknown}
 t - a scroll of remove curse {unknown}
 w - a scroll of magic mapping {unknown}
Comestibles
 g - 5 rations
 x - 3 chunks of flesh


   Skills:
 + Level 2.8 Fighting
 * Level 3.3 Short Blades
 + Level 2.6 Throwing
 + Level 2.3 Dodging
 + Level 4.2 Stealth


You had 4 spell levels left.
You didn't know any spells.
Your spell library was empty.

Dungeon Overview and Level Annotations

Branches:
Dungeon (4/15)
 Temple: D:4-7

Altars:
Wu Jian


Innate Abilities, Weirdness & Mutations

You have a pair of horns on your head.
A weak demonic guardian rushes to your aid.
You regenerate a little health from kills.


Message History

You fly up into the air.
You feel sick. The worker ant bites you.
* * * LOW HITPOINT WARNING * * *
The orc hits your quasit but does no damage.
It was a potion of cancellation.
Your magical effects are unravelling.
You feel magically purged.
You float gracefully downwards.
Your quasit disappears in a puff of smoke!
The worker ant bites you!
* * * LOW HITPOINT WARNING * * *
The orc hits your white imp with a dagger.
It was a potion of brilliance.
You feel clever all of a sudden.
* * * LOW HITPOINT WARNING * * *
You feel sick. The worker ant bites you.
* * * LOW HITPOINT WARNING * * *
Your white imp gestures at the orc.
The puff of frost hits the orc.
The orc dies!
The worker ant bites you.
You die...

#..# # ..
##..### ..
....... #.
<#..... #.
####.#....a #.
##..........
#. #....(#
#.####..####..
#.5@as........
#o####..####..
#. #..# ..
#.... .#.
...... ###o
#.##### #o #.#
#. ...


You could see a scorpion, a worker ant, an orc and a friendly white imp.

Vanquished Creatures
  An orc wizard (D:3)
  A worker ant (D:4)
  Robin (D:2)
  A gnoll (D:1)
  5 adders (D:2)
  A worm (D:2)
  2 dart slugs
  2 leopard geckos
  5 orcs
  8 bats
  5 giant cockroaches
  7 goblins
  8 hobgoblins
  3 jackals (D:1)
  4 frilled lizards
  3 kobolds
  5 rats
62 creatures vanquished.

Vanquished Creatures (collateral kills)
  A hound (D:4)
  2 orcs
3 creatures vanquished.

Grand Total: 65 creatures vanquished

Notes
Turn   | Place    | Note
-------+----------+-------------------------------------------
     0 | D:1      | D1HalberdGnoll the Demonspawn Assassin began the quest for the Orb.
     0 | D:1      | Reached XP level 1. HP: 16/16 MP: 1/1
   101 | D:1      | Reached skill level 1 in Dodging
   291 | D:1      | Gained mutation: You regenerate a little health from kills. [demonic ancestry]
   291 | D:1      | Reached XP level 2. HP: 22/22 MP: 2/2
   867 | D:1      | Gained mutation: You have a pair of small horns on your head. [demonic ancestry]
   867 | D:1      | Reached XP level 3. HP: 27/27 MP: 3/3
  1766 | D:2      | Gained mutation: A weak demonic guardian rushes to your aid. [demonic ancestry]
  1766 | D:2      | Reached XP level 4. HP: 29/34 MP: 4/4
  1978 | D:2      | Noticed Robin
  2092 | D:2      | Killed Robin
  2092 | D:2      | Reached skill level 4 in Stealth
  3033 | D:3      | Found a faded altar of an unknown god.
  3286 | D:3      | Gained mutation: You have a pair of horns on your head. [demonic ancestry]
  3286 | D:3      | Reached XP level 5. HP: 30/39 MP: 5/5
  3669 | D:3      | Found an ornate altar of the Wu Jian Council.
  3863 | D:4      | HP: 2/40 [worker ant (1)]
  3863 | D:4      | Slain by a worker ant

Vault maps used:
D:1:      dpeg_arrival_central
D:2:      minmay_tetromino_o4, uniq_robin
D:3:      marbit_many_paths, chequers_ecumenical_altar_twisty, first_ration,
          hangedman_abyss_or_decor_lesser_grid
D:4:      grunt_ministairs_8, grunt_decor_one_mirror, uniq_sigmund, uniq_purgy,
          uniq_edmund, uniq_duvessa

Skill      XL: |  1  2  3  4 |
---------------+-------------+-----
Dodging        | 1 2 |  2.3
Short Blades   | 2 3 |  3.3
Throwing       | 2 |  2.6
Stealth        | 4 |  4.2
Fighting       | |  2.8

Action                   |  1- 3 |  4- 6 || total
-------------------------+-------+-------++-------
Melee: Dagger            |   108 |   121 ||   229
       Headbutt          |     4 |    11 ||    15
 Fire: Blowgun           |    13 |     3 ||    16
  Use: Scroll            |     1 |     1 ||     2
       Potion            |       |     6 ||     6
 Stab: Sleeping          |     1 |     5 ||     6
  Eat: Chunk             |     2 |     7 ||     9
Armor: Robe              |    29 |       ||    29
       Leather armour    |     7 |    30 ||    37
       Skin              |       |    21 ||    21
Dodge: Dodged            |    67 |    70 ||   137

Table legend:
 A = Spawn XP
 B = Non-spawn XP
 C = Spawn XP percentage of total XP
 D = Spawn monster count
 E = Non-spawn monster count
 F = Spawn count percentage of total count
 G = Total turns spent on level
                    A         B        C        D         E        F      G
               +---------+---------+-------+---------+---------+-------+---------
         Total |       0 |     295 |   0.0 |       0 |      65 |   0.0 |  3863
               +---------+---------+-------+---------+---------+-------+---------
           D:1 |       0 |      52 |   0.0 |       0 |      24 |   0.0 |  1272
           D:2 |       0 |     122 |   0.0 |       0 |      26 |   0.0 |  1504
           D:3 |       0 |      60 |   0.0 |       0 |      12 |   0.0 |   928
           D:4 |       0 |      61 |   0.0 |       0 |       3 |   0.0 |   159
               +---------+---------+-------+---------+---------+-------+---------
